Map: [TLMC21] Satellite Years

Players

LQDSKillous (SKillous) - Winner!

  • Race: Protoss Protoss
  • Spawn Location: 11:00

SpeCial

  • Race: Terran Terran
  • League: Grandmaster
  • Spawn Location: 5:00

VOD

Have the link to the VOD?

Description

Time

  • Played on: Oct. 12, 2025, 1:08 p.m.
  • Length: 9:32
Show
View Real Time Build Order
Export as new Build Order

LQDSKillous Protoss - Winner!

Build Orders: 1 Gate Expand, Phoenix Opening, Blink Stalkers 

Get SALT Encoding   

  12  0:00  Probe  
  13  0:12  Probe  
  14  0:17  Pylon  
  14  0:23  Probe  
  15  0:31  Probe  
  16  0:36  Gateway  
  16  0:39  Probe  
  16  0:45  Assimilator  
  17  0:51  Probe  
  18  1:03  Probe  
  19  1:17  Nexus  
  19  1:27  Cybernetics Core  
  19  1:31  Probe  
  20  1:36  Assimilator  
  20  1:43  Probe  
  20  1:46  Pylon  
  21  1:52  Stalker  
  21  1:55  Probe  
  22  2:04  Warp Gate  
  22  2:07  Probe  
  25  2:19  Probe, Phoenix  
  25  2:20  Sentry  
  28  2:26  Probe  
  28  2:27  Shield Battery  
  29  2:31  Probe  
  29  2:34  Probe  
  29  2:36  Twilight Council  
  30  2:43  Probe  
  32  2:44  Probe  
  32  2:49  Blink  
  33  2:53  Gateway  
  33  2:55  Probe  
  33  2:56  Probe  
  33  2:57  Stalker  
  37  3:07  Shield Battery  
  37  3:08  Probe  
  37  3:10  Probe  
  39  3:20  Probe  
  39  3:23  Probe  
  41  3:32  Probe  
  42  3:35  Probe  
  42  3:36  Pylon  
  43  3:44  Probe  
  43  3:47  Probe  
  43  3:52  Stalker x2  
  44  3:57  Probe  
  44  3:59  Probe  
  45  4:09  Probe  
  45  4:11  Probe  
  45  4:15  Stalker  
  45  4:16  Stalker  
  50  4:21  Probe, Nexus  
  50  4:23  Probe  
  52  4:25  Pylon  
  52  4:27  Pylon  
  51  4:33  Probe  
  51  4:35  Probe  
  53  4:39  Robotics Facility  
  53  4:42  Assimilator  
  53  4:44  Stalker  
  53  4:45  Probe, Stalker  
  58  4:48  Probe  
  58  4:57  Probe  
  58  4:59  Pylon  
  59  5:00  Probe  
  58  5:08  Probe  
  58  5:09  Probe  
  58  5:11  Pylon  
  58  5:15  Stalker x2  
  58  5:16  Probe, Charge  
  58  5:20  Probe  
  63  5:26  Probe  
  63  5:27  Observer  
  66  5:28  Probe  
  66  5:36  Probe  
  66  5:38  Probe x2  
  66  5:42  Stalker x2  
  73  5:46  Observer  
  73  5:48  Probe  
  75  5:50  Probe x2  
  75  5:51  Gateway  
  75  5:52  Gateway  
  77  6:00  Probe  
  77  6:02  Probe x2, Gateway  
  77  6:03  Gateway  
  80  6:06  Robotics Bay  
  80  6:11  Pylon  
  80  6:12  Probe  
  80  6:15  Pylon  
  80  6:18  Probe, Immortal  
  82  6:22  Zealot, Sentry  
  84  6:26  Shield Battery  
  84  6:30  Gateway  
  88  6:33  Gateway  
  88  6:42  Colossus  
  88  6:44  Zealot, Assimilator  
  88  6:45  Zealot x2  
  88  6:46  Zealot  
  96  6:49  Pylon x2  
  96  6:52  Forge  
  102  7:02  Zealot x2  
  102  7:07  Pylon  
  102  7:08  Probe  
  107  7:11  Zealot x4  
  115  7:23  Stalker x2  
  119  7:30  Zealot x2  
  119  7:31  Zealot x3, Colossus  
  119  7:32  Zealot  
  119  7:34  Pylon  
  135  7:49  Nexus  
  135  7:50  Stalker x2  
  135  7:51  Stalker  
  139  7:57  Probe x2  
  140  8:03  Probe  
  140  8:04  Sentry  
  140  8:05  Zealot x2  
  147  8:10  Shield Battery  
  147  8:12  Pylon  
  148  8:14  Forge  
  148  8:16  Pylon  
  147  8:20  Shield Battery x2  
  147  8:21  Shield Battery  
  147  8:22  Probe  
  147  8:26  Shield Battery  
  148  8:29  Disruptor  
  148  8:32  Sentry x2  
  132  8:51  Zealot x6  
  138  9:02  Zealot x2  
  118  9:03  Pylon  
  102  9:18  Zealot x6  
Show
View Real Time Build Order
Export as new Build Order

SpeCial Terran 

Build Orders:  

Get SALT Encoding   

  12  0:00  SCV  
  13  0:12  SCV  
  14  0:17  Supply Depot  
  14  0:24  SCV  
  15  0:39  SCV  
  15  0:40  Barracks  
  16  0:42  Refinery  
  16  0:51  SCV  
  16  0:52  Refinery  
  17  1:03  SCV  
  18  1:15  SCV  
  19  1:27  Barracks Reactor  
  19  1:28  Orbital Command  
  19  1:29  Supply Depot  
  19  1:40  Factory  
  20  1:54  SCV  
  20  2:05  Reaper x2  
  20  2:06  SCV  
  23  2:18  SCV  
  23  2:22  Command Center  
  24  2:27  Hellion  
  26  2:30  SCV  
  28  2:37  Reaper  
  28  2:38  Reaper  
  28  2:41  Supply Depot  
  30  2:49  Hellion  
  31  3:02  Starport, SCV  
  32  3:10  Marine x2  
  32  3:11  Factory Tech Lab  
  34  3:14  SCV  
  35  3:22  Hyperflight Rotors  
  35  3:26  SCV  
  36  3:27  Marine  
  36  3:28  Marine  
  38  3:41  SCV  
  37  3:45  Marine x2  
  39  3:53  SCV  
  40  4:03  Marine x2  
  40  4:05  Banshee  
  40  4:06  Barracks, Factory Tech Lab  
  40  4:08  Orbital Command, SCV  
  46  4:20  SCV  
  46  4:21  Marine x2  
  49  4:25  Bunker  
  47  4:32  SCV  
  47  4:35  Barracks  
  47  4:36  SCV  
  49  4:39  Marine x2  
  49  4:40  Supply Depot  
  49  4:44  SCV  
  52  4:48  SCV  
  53  4:56  SCV  
  54  5:02  Banshee, Marine x2, SCV  
  54  5:03  Supply Depot  
  57  5:08  SCV  
  57  5:12  Stimpack  
  57  5:13  Marauder  
  57  5:14  Factory Reactor, SCV  
  60  5:20  SCV  
  60  5:21  Refinery, Engineering Bay  
  62  5:24  Marine  
  62  5:27  Supply Depot  
  63  5:29  Supply Depot  
  63  5:30  SCV  
  63  5:35  SCV  
  65  5:36  Marauder  
  65  5:42  SCV  
  68  5:43  Supply Depot  
  68  5:47  SCV  
  68  5:57  Marine x2  
  68  5:58  Marauder x2  
  68  5:59  SCV x2  
  68  6:01  Combat Shield  
  68  6:02  Factory Reactor  
  75  6:06  Terran Infantry Weapons Level 1  
  75  6:07  Supply Depot  
  75  6:09  Medivac  
  75  6:10  Medivac  
  79  6:14  SCV  
  79  6:15  SCV  
  79  6:26  Marine, SCV  
  79  6:27  Barracks, Marine  
  79  6:28  Barracks  
  79  6:30  SCV  
  83  6:33  Refinery  
  83  6:35  Marauder  
  83  6:39  Marauder  
  87  6:42  Supply Depot  
  87  6:49  Medivac x2  
  87  6:50  Marine x2  
  93  6:54  Missile Turret  
  93  6:55  Concussive Shells  
  93  6:58  SCV x2  
  95  7:07  Marine, Marauder x2  
  95  7:08  Marine  
  101  7:09  Widow Mine  
  101  7:11  Widow Mine  
  105  7:16  Supply Depot  
  105  7:18  Marine x2  
  107  7:25  Marine  
  107  7:29  Marine, Marauder  
  110  7:36  Supply Depot  
  110  7:37  Supply Depot, Marine  
  111  7:44  Marine  
  111  7:45  Barracks Tech Lab  
  111  7:46  Barracks Reactor  
  111  7:50  Viking x2  
  111  7:51  Marauder  
  118  7:56  Supply Depot  
  118  7:57  Marine  
  119  8:02  Marine  
  119  8:03  Marauder  
  122  8:07  Widow Mine x2  
  122  8:12  Marauder  
  128  8:16  Marine  
  128  8:17  Marauder  
  131  8:20  Marine  
  131  8:23  Viking  
  131  8:25  Viking, Marauder  
  135  8:29  Marine  
  135  8:32  Marine  
  135  8:34  Marauder  
  126  8:44  SCV  
  116  8:48  Marauder x2  
  113  8:56  Marauder  
  93  9:09  Marine, Marauder  
  80  9:12  SCV  
Tags
 
Add a new tag
Caveats
  • Supply blocks, unpowered buildings, or Contaminate may cause inaccurate times.
  • Supply counts are checked every 10 seconds.